 Dungeon Crawl Stone Soup version 0.20-a0-493-g19c8d8d (webtiles) character file.

758 AlphabetPasta the Chopper (level 7, -5/59 HPs)
             Began as a White Draconian Skald on Jan 16, 2017.
             Slain by Grinder (6 damage)
             ... while paralysed by Grinder
             ... on level 5 of the Dungeon.
             The game lasted 00:20:36 (4862 turns).

AlphabetPasta the Chopper (White Draconian Skald)   Turns: 4862, Time: 00:20:36

Health: -5/59      AC:  7    Str: 18    XL:     7   Next: 50%
Magic:  9/12       EV:  2    Int: 15    God:
Gold:   213        SH:  0    Dex: 11    Spells: 4/12 levels left

rFire    . . .     SeeInvis .   a - +0 hand axe (flame)
rCold    + + .     Gourm    .   (armour unavailable)
rNeg     . . .     Faith    .   (no shield)
rPois    .         Spirit   .   (helmet restricted)
rElec    .         Reflect  .   (no cloak)
rCorr    .         Harm     .   e - +0 pair of gloves
MR       .....                  (no boots)
Stlth    +.........             k - amulet of rage
Regen    0.2/turn               (no ring)
                                r - ring of protection from cold

@: paralysed, mighty, short of breath, infused, very slightly contaminated,
hasted
A: breathe frost, unfitting armour, cold resistance 1, cold-blooded, AC +6
a: Breathe Frost, Evoke Berserk Rage


You were on level 5 of the Dungeon.
You were hungry.

You visited 1 branch of the dungeon, and saw 5 of its levels.

You collected 213 gold pieces.

Inventory:

Hand Weapons
 a - a +0 hand axe of flaming (weapon)
 t - a +0 hand axe
Armour
 e - a +0 pair of gloves (worn)
Jewellery
 k - an amulet of rage (around neck)
 n - an uncursed ring of magical power {unknown}
 r - a ring of protection from cold (left hand)
Scrolls
 f - 4 scrolls of teleportation
 v - a scroll of recharging
Potions
 h - a potion of agility
 i - a potion of heal wounds
 m - a potion of brilliance
 q - a potion of berserk rage {unknown}
 z - a potion of curing {unknown}
Books
 b - a book of Battle

   Spells                             Type                      Level
   a - Infusion                       Charms                       1
   b - Shroud of Golubria             Charms/Translocation         2
   c - Song of Slaying                Charms                       2
   d - Spectral Weapon                Hexes/Charms                 3
   e - Regeneration                   Charms/Necromancy            3
Comestibles
 c - a bread ration
 d - 3 meat rations
 g - a royal jelly
 l - 4 beef jerkies
 p - 2 chunks of flesh
 x - a slice of pizza


   Skills:
 + Level 4.0 Fighting
 * Level 5.0 Axes
 + Level 3.6 Dodging
 + Level 3.4 Spellcasting
 * Level 4.6 Charms


You had 4 spell levels left.
You knew the following spells:

 Your Spells              Type           Power        Failure   Level  Hunger
a - Infusion              Chrm           ###.         2%          1    None
b - Song of Slaying       Chrm           ###.....     4%          2    ##.....
c - Shroud of Golubria    Chrm/Tloc      #.........   12%         2    ##.....
d - Regeneration          Chrm/Necr      #.........   24%         3    ###....


Dungeon Overview and Level Annotations

Branches:
Dungeon (5/15)
 Temple: D:4-7

Altars:
Fedhas
Zin

Annotations:
D:5 Grinder


Innate Abilities, Weirdness & Mutations

You can breathe waves of freezing cold.
You can buffet flying creatures when you breathe cold.
Your icy white scales are hard. (AC +6)
You cannot fit into any form of body armour.
Your flesh is cold resistant. (rC+)
You are cold-blooded and may be slowed by cold attacks.


Message History

Grinder is almost dead.
You completely miss Grinder.
Grinder is almost dead.
Grinder gestures at you.
You suddenly lose the ability to move!
Grinder says, "I used to sell toenails on the black market."
Grinder hits you.
You writhe in agony.
Grinder gestures at you. You resist with significant effort.
Grinder barely misses you. Grinder hits you.
You writhe in agony.
* * * LOW HITPOINT WARNING * * *
Grinder hits you.
* * * LOW HITPOINT WARNING * * *
Grinder hits you.
* * * LOW HITPOINT WARNING * * *
You writhe in agony.
* * * LOW HITPOINT WARNING * * *
Grinder hits you.
You die...

#.##..........# #.#
###.##..#######.#####.#
........##............#
###.........###.#####.#
#####.##..##.#.####.#
##.##....###.....#
###...#...#.#.####.#######
#...#....5...#####.##.....
.#...#.รท@................
####.........#####.#######
####.#.#### #=# #.#.# #.#
#.#.########.#
#............#
###.########## #.# #.


You could see Grinder.

Vanquished Creatures
  An ogre (D:5)
  A water moccasin skeleton (D:5)
  3 howler monkeys
  A bullfrog zombie (D:5)
  2 crimson imps (D:5)
  A hound (D:4)
  An orc wizard (D:5)
  Jessica (D:3)
  An iguana (D:4)
  Natasha (thrice) (D:3)
  3 gnolls (D:3)
  10 adders
  2 oozes
  3 worms
  3 dart slugs
  5 leopard geckos
  7 orcs
  3 giant cockroaches
  3 goblins
  3 hobgoblins
  12 jackals
  6 kobolds
  2 quokkas
  7 bats
  2 frilled lizards (D:3)
  7 rats
93 creatures vanquished.

Notes
Turn   | Place    | Note
-------+----------+-------------------------------------------
     0 | D:1      | AlphabetPasta the Draconian Skald began the quest for the Orb.
     0 | D:1      | Reached XP level 1. HP: 17/17 MP: 3/3
   142 | D:1      | Reached XP level 2. HP: 25/25 MP: 0/5
   149 | D:1      | Learned a level 2 spell: Song of Slaying
   152 | D:1      | Learned a level 2 spell: Shroud of Golubria
   601 | D:2      | Reached XP level 3. HP: 14/30 MP: 1/6
  1218 | D:2      | Reached XP level 4. HP: 37/37 MP: 2/7
  1397 | D:2      | Reached skill level 3 in Axes
  1826 | D:2      | Learned a level 3 spell: Regeneration
  2025 | D:3      | Reached XP level 5. HP: 11/44 MP: 5/8
  2305 | D:3      | Noticed Natasha
  2312 | D:3      | Killed Natasha
  2536 | D:3      | Noticed Natasha
  2544 | D:3      | Killed Natasha
  2601 | D:3      | Noticed Jessica
  2608 | D:3      | Killed Jessica
  2687 | D:3      | Reached skill level 4 in Axes
  3008 | D:3      | Noticed Natasha
  3019 | D:3      | Killed Natasha
  3080 | D:3      | Reached XP level 6. HP: 39/51 MP: 5/10
  3600 | D:4      | Found a blossoming altar of Fedhas.
  3600 | D:4      | Found a glowing silver altar of Zin.
  4170 | D:5      | Entered Level 5 of the Dungeon
  4442 | D:5      | Your scales start taking on an icy white colour.
  4442 | D:5      | Reached XP level 7. HP: 34/58 MP: 0/11
  4442 | D:5      | Gained mutation: Your flesh is cold resistant. (rC+) [White Draconian growth]
  4755 | D:5      | Reached skill level 5 in Axes
  4844 | D:5      | Noticed Grinder
  4855 | D:5      | Paralysed by Grinder for 7 turns
  4861 | D:5      | HP: 1/59 [Grinder (5)]
  4862 | D:5      | Slain by Grinder

Vault maps used:
D:1:      tarquinn_simple_flora_water_a
D:3:      uniq_jessica, uniq_natasha
D:4:      wad_woods_pond, gammafunk_temple_overflow_wave
D:5:      first_bread, uniq_grinder

Skill      XL: |  1  2  3  4  5  6  7 |
---------------+----------------------+-----
Charms         | 3 4 |  4.6
Axes           | 3 4 5 |  5.0
Fighting       | 3 4 |  4.0
Dodging        | 3 |  3.6
Spellcasting   | 3 |  3.4

Action                   |  1- 3 |  4- 6 |  7- 9 || total
-------------------------+-------+-------+-------++-------
Melee: Hand axe          |    73 |   211 |    50 ||   334
       Tailslap          |     3 |    18 |     5 ||    26
 Cast: Infusion          |    10 |    23 |     5 ||    38
       Song of Slaying   |     1 |     2 |       ||     3
       Shroud of Golubri |     1 |     2 |     1 ||     4
 Abil: Breathe Frost     |       |       |     4 ||     4
  Use: Scroll            |     3 |     7 |     3 ||    13
       Potion            |       |       |     2 ||     2
 Stab: Distracted        |     1 |       |       ||     1
  Eat: Chunk             |     1 |    11 |     2 ||    14
Armor: Skin              |    24 |    64 |    10 ||    98
Dodge: Dodged            |    59 |   109 |    22 ||   190
